 Dungeon Crawl Stone Soup version 0.24.0-13-gcf9b319 (webtiles) character file.

Game seed: 3376616769162775914, levelgen mode: deterministic

33 Bronimir the Firebug (level 3, 0/21 HPs)
             Began as an Octopode Fire Elementalist on Mar 28, 2020.
             Succumbed to a gnoll's poison
             ... on level 1 of the Dungeon.
             The game lasted 00:01:56 (692 turns).

Bronimir the Firebug (Octopode Fire Elementalist)    Turns: 692, Time: 00:01:57

Health: 0/21       AC:  1    Str:  7    XL:     3   Next: 29%
Magic:  2/6        EV: 13    Int: 18    God:
Gold:   26         SH:  0    Dex: 12    Spells: 3/6 levels left

rFire    . . .     SeeInvis .   c - +0 short sword (drain)
rCold    . . .     Gourm    .   (no shield)
rNeg     . . .     Faith    .   (helmet restricted)
rPois    .         Spirit   .   (no amulet)
rElec    .         Reflect  .   a - +3 ring of slaying
rCorr    .         Harm     .   (no ring)
MR       .....                  (no ring)
Stlth    +++.......             (no ring)
HPRegen  0.07/turn              (no ring)
MPRegen  0.10/turn              (no ring)
                                (no ring)
                                (no ring)

@: lethally poisoned (0 -> -14)
A: almost no armour, stealthy swim, amphibious, 8 rings, constrict 8, camouflage
1, gelatinous body 1
a: no special abilities


You were on level 1 of the Dungeon.
You were not hungry.

You visited 1 branch of the dungeon, and saw 1 of its levels.

You collected 26 gold pieces.

Inventory:

Hand Weapons
 c - a +0 short sword of draining (weapon)
 e - a +0 whip of venom
Missiles
 d - 7 stones (quivered)
Jewellery
 a - a +3 ring of slaying (left tentacle)
Comestibles
 b - a ration


   Skills:
 * Level 2.2 Dodging
 - Level 2.8 Stealth
 * Level 2.3 Spellcasting
 * Level 1.0 Conjurations
 * Level 3.8 Fire Magic


You had 3 spell levels left.
You knew the following spells:

 Your Spells              Type           Power        Failure   Level  Hunger
a - Flame Tongue          Conj/Fire      ##...        6%          1    #......
b - Throw Flame           Conj/Fire      ##....       10%         2    ##.....

Your spell library contained the following spells:

 Spells                   Type           Power        Failure   Level  Hunger
 Conjure Flame            Conj/Fire      ##......     19%         3    ###....
 Inner Flame              Hex/Fire       #.......     24%         3    ###....
 Sticky Flame             Conj/Fire      ##......     54%         4    #####..
 Fireball                 Conj/Fire      ##........   87%         5    ######.


Dungeon Overview and Level Annotations

Branches:
Dungeon (1/15)

Altars:


Innate Abilities, Weirdness & Mutations

You cannot wear most types of armour.
You are very stealthy in the water. (Stealth+)
You are amphibious.
You can wear up to eight rings at the same time.
You can use your tentacles to constrict eight enemies at once.
Your skin changes colour to match your surroundings (Stealth+).
Your rubbery body absorbs attacks. (AC +1, EV +1)


Message History

Increase (S)trength, (I)ntelligence, or (D)exterity?
You feel clever.
You feel sick. The bat completely misses you.
A kobold comes into view. It is wielding a +0 club.
You hit the bat.
You kill the bat!
* * * LOW HITPOINT WARNING * * *
You feel sick.
* * * LOW HITPOINT WARNING * * *
You feel sick.
You see here a +0 whip of venom.
e - a +0 whip of venom
* * * LOW HITPOINT WARNING * * *
You feel sick.
You aren't carrying any potions.
* * * LOW HITPOINT WARNING * * *
You feel sick.
* * * LOW HITPOINT WARNING * * *
You feel sick.
You die...

... ... .... .. .. .#
....##.##.###### #.#.
##....... .....#.....
##$......#+#....#.....
......................
........)÷............
......................
............)..@..K.....#
P≈≈P..........#+#(.........
≈≈≈≈..........#............
≈≈≈≈...######.#............
≈≈≈≈...#...................
≈≈≈≈.#.#.........#.#.#.....
≈≈≈≈.#.#...................
≈≈≈≈...'...................
≈≈≈≈...#............#


You could see a kobold.

Vanquished Creatures
  2 gnolls (D:1)
  An ooze (D:1)
  A leopard gecko (D:1)
  A bat (D:1)
  2 goblins (D:1)
  3 kobolds (D:1)
  A rat (D:1)
11 creatures vanquished.

Notes
Turn   | Place    | Note
-------+----------+-------------------------------------------
     0 | D:1      | Bronimir the Octopode Fire Elementalist began the quest for
                  | the Orb.
     0 | D:1      | Reached XP level 1. HP: 11/11 MP: 3/3
     5 | D:1      | Reached XP level 2. HP: 17/17 MP: 1/5
   267 | D:1      | Learned a level 2 spell: Throw Flame
   686 | D:1      | Reached XP level 3. HP: 10/21 MP: 1/6
   691 | D:1      | HP: 1/21 [poisoned by a gnoll]
   692 | D:1      | Succumbed to a gnoll's poison

Levels and vault maps discovered:
D:1:      giann_bridges, layout_basic, nrook_loot_triangle

Action                   || total
-------------------------++-------
Melee: Short sword       ||    10
       Constrict         ||     3
       Tentacles         ||     3
       Unarmed           ||     2
 Cast: Flame Tongue      ||    11
       Throw Flame       ||     2
 Stab: Sleeping          ||     1
Dodge: Dodged            ||    12
